 Seeded DCSS version 0.30.1-9-gdf580d7c3d (webtiles) character file.

Game seed: 6351066067085065685 (custom seed)

0 Esekla the Magician (level 1, 0/10 HPs)
             Began as a Deep Elf Wanderer on Oct 15, 2023.
             Slain by an adder (2 damage)
             ... on level 3 of the Dungeon.
             The game lasted 00:02:57 (266 turns).

Esekla the Magician (Deep Elf Wanderer)              Turns: 266, Time: 00:02:58

Health: 0/10       AC:  2    Str: 11    XL:     1   Next: 8%
Magic:  7/7        EV: 10    Int: 17    God:
Gold:   0          SH:  3    Dex: 11    Spells: 6/8 levels left

rFire   . . .        a - +0 short sword
rCold   . . .        d - +0 buckler
rNeg    . . .        c - +0 robe
rPois   .            (no helmet)
rElec   .            (no cloak)
rCorr   .            (no gloves)
SInv    .            (no boots)
Will    .....        (no amulet)
Stlth   ++           (no ring)
HPRegen 0.21/turn    (no ring)
MPRegen 0.10/turn

%: no passive effects
@: no status effects
A: no striking features
a: no special abilities


You were on level 3 of the Dungeon.
You visited 1 branch of the dungeon, and saw 3 of its levels.

Inventory:

Hand Weapons
 a - a +0 short sword (weapon)
Armour
 c - a +0 robe (worn)
 d - a +0 buckler (worn)
Potions
 b - a potion of lignification
 h - a potion of heal wounds {unknown}
 i - a potion of attraction {unknown}


   Skills:
 + Level 1.2 Stealth
 + Level 1.5 Shields
 * Level 4.4 Spellcasting
 + Level 2.1 Translocations
 + Level 1.0 Invocations


You had 6 spell levels left.
You knew the following spells:

 Your Spells              Type           Power      Damage    Failure   Level
a - Magic Dart            Conj           12%        1d3       22%         1
p - Apportation           Tloc           22%        N/A       9%          1

Your spell library contained the following spells:

 Spells                   Type           Power      Damage    Failure   Level
 Blink                    Tloc           22%        N/A       14%         2
 Lesser Beckoning         Tloc           22%        N/A       14%         2
 Ignite Poison            Fire/Tmut/Pois 3%         N/A       54%         3
 Vampiric Draining        Necr           3%         2d6       54%         3


Dungeon Overview and Level Annotations

Branches:
Dungeon (3/15)

Altars:
Hepliaklqana
Qazlal
Trog


Message History

You are yanked towards a nearby monster!
Your surroundings suddenly seem different.
An adder comes into view.
Found a stormy altar of Qazlal.
The adder hisses angrily.
A hound comes into view.
The hound moves out of view.
As you read the scroll labelled OPUZOUSOET, it crumbles to dust.
It is a scroll of identify.
e - a potion of ambrosia The adder bites you.
You are poisoned.
The adder poisons you!
You are confused.
You feel invigorated.
You feel sick. The adder bites you.
You bump into the rock wall.
You feel sick. The adder barely misses you.
You feel sick. The adder bites you.
You bump into the rock wall.
You feel less invigorated.
You feel less confused.
You feel sick. The adder bites you but does no damage.
A dart slug comes into view.
Found a hazy altar of Hepliaklqana and a bloodstained altar of Trog.
You feel sick.
You feel sick.
You are no longer poisoned.
The adder bites you.
You are poisoned.
The adder poisons you! The adder attacks as you move away!
The adder bites you but does no damage.
You feel sick.
You feel sick.
You feel sick. The adder barely misses you.
You feel sick.
You barely miss the adder.
You feel sick.
You are no longer poisoned.
You block the adder's attack.
You hit the adder.
The adder is lightly wounded.
The adder bites you.
You die...

##########
#........##
......###..##
...._....#..#
#.........#.#
.......w..#.#
...h8.._..#.#
. ........#S#
_.....#.#@#
......#...#
....######


You could see an adder.

Vanquished Creatures
  A kobold (D:1)
1 creature vanquished.

Notes
Turn   | Place    | Note
-------+----------+-------------------------------------------
     0 | D:1      | Esekla the Deep Elf Wanderer began the quest for the Orb.
     0 | D:1      | Esekla set off with the following items: a +0 club, a
                  | potion of lignification, a +0 robe, a +0 buckler; and the
                  | following spells available to memorise: Apportation, Blink,
                  | Lesser Beckoning, Magic Dart, Ignite Poison, Vampiric
                  | Draining.
     0 | D:1      | Reached XP level 1. HP: 10/10 MP: 7/7
     2 | D:1      | Learned a level 1 spell: Magic Dart
     4 | D:1      | Learned a level 1 spell: Apportation
   252 | D:3      | Found a stormy altar of Qazlal.
   252 | D:3      | Noticed a hound
   258 | D:3      | Found a hazy altar of Hepliaklqana.
   258 | D:3      | Found a bloodstained altar of Trog.
   266 | D:3      | Slain by an adder

Illustrated notes

Levels and vault maps discovered:
D:1:      sevenhm_arrival_forest_fort_small_3, layout_rooms,
          chequers_serial_rivers_room_b, minmay_misc_feat_five
D:2:      layout_loops_ring, dreamdust_ecumenical_altar_angels_and_demons,
          serial_shops, shop
D:3:      layout_basic, grunt_temple_overflow_open, minmay_misc_feat_iff

Action                     || total
---------------------------++-------
  Melee: Short sword       ||     2
   Cast: Magic Dart        ||     3
         Apportation       ||     3
    Use: Scroll            ||     2
         Potion            ||     1
 Armour: Robe              ||     8
  Dodge: Dodged            ||    25
  Block: Buckler           ||     9
